 Dungeon Crawl Stone Soup version 0.24-a0-434-gd57e52fea8 (webtiles) character file.

Game seed: 5220988607099626050

562 Azzok the Shield-Bearer (level 7, -1/52 HPs)
             Began as a Formicid Fighter on June 15, 2019.
             Was an Initiate of Okawaru.
             Slain by an ogre
             ... wielding a +0 giant club
              (20 damage)
             ... on level 4 of the Dungeon.
             The game lasted 00:06:32 (3304 turns).

Azzok the Shield-Bearer (Formicid Fighter)          Turns: 3304, Time: 00:06:33

Health: -1/52      AC: 10    Str: 27    XL:     7   Next: 57%
Magic:  7/7        EV:  7    Int:  8    God:    Okawaru [......]
Gold:   152        SH: 11    Dex: 10    Spells: 6/6 levels left

rFire    + . .     SeeInvis +   q - +2 dagger (venom)
rCold    . . .     Gourm    .   c - +0 shield
rNeg     . . .     Faith    .   n - +0 chain mail
rPois    .         Spirit   .   (helmet unavailable)
rElec    .         Reflect  .   (no cloak)
rCorr    .         Harm     .   (no gloves)
MR       .....                  p - +0 pair of boots
Stlth    ..........             (no amulet)
HPRegen  0.17/turn              b - ring of protection from fire
MPRegen  0.10/turn              (no ring)

@: mighty
A: permanent stasis, dig shafts and tunnels, four strong arms, antennae 3
a: Dig, Shaft Self, Renounce Religion


You were on level 4 of the Dungeon.
You worshipped Okawaru.
Okawaru was noncommittal.
You were not hungry.

You visited 2 branches of the dungeon, and saw 5 of its levels.
You also visited: Sewer.

You collected 152 gold pieces.

Inventory:

Hand Weapons
 a - a +0 war axe
 q - a +2 dagger of venom (weapon)
Armour
 c - a +0 shield (worn)
 n - a +0 chain mail (worn)
 p - a +0 pair of boots (worn)
Jewellery
 b - a ring of protection from fire (left hand)
Wands
 y - a wand of flame (13)
Scrolls
 g - 4 scrolls of fear {unknown}
 h - 2 scrolls of identify {unknown}
 i - a scroll of magic mapping {unknown}
 j - a scroll of noise {unknown}
 k - a scroll of immolation {unknown}
 l - a scroll of remove curse {unknown}
 r - a scroll of enchant weapon {unknown}
 s - a scroll of enchant armour {unknown}
 v - a scroll of blinking {unknown}
 w - a scroll of fog {unknown}
 x - 2 scrolls of teleportation {unknown}
Potions
 d - a potion of might
 e - a potion of heal wounds {unknown}
 m - 2 potions of curing
 t - a potion of cancellation {unknown}
 u - a potion of brilliance {unknown}
Comestibles
 f - 5 rations
 o - 2 chunks of flesh


   Skills:
 - Level 3.2 Fighting
 + Level 5.6 Axes
 - Level 3.2 Armour
 + Level 7.4 Shields


You had 6 spell levels left.
You didn't know any spells.
Your spell library was empty.

Dungeon Overview and Level Annotations

Branches:
Dungeon (4/15)             Temple (1/1) D:4

Altars:
Dithmenos
Gozag
Makhleb
Okawaru
Qazlal
Trog
Wu Jian
Xom
Zin
The Shining One

Shops:
D:4 [


Innate Abilities, Weirdness & Mutations

You cannot be hasted, slowed, berserked, paralysed or teleported.
You can dig through walls and to a lower floor.
Your four strong arms can wield two-handed weapons with a shield.
You have a pair of large antennae on your head. (SInv)


Message History

You are too injured to fight recklessly!
You are too injured to fight recklessly!
You are too injured to fight recklessly!
You are too injured to fight recklessly!
You are too injured to fight recklessly!
You are too injured to fight recklessly!
The orc throws a boomerang.
The boomerang hits you but does no damage.
The weapon returns to the orc!
The orc priest casts a cantrip, but nothing happens.
The orc priest invokes the aid of Beogh against you.
Beogh smites you!
Things that are here:
a +0 leather armour; an orc skeleton
Okay, then.
You feel very mighty all of a sudden.
You puncture the ogre!
The ogre looks as sick as possible!
The ogre is moderately wounded.
The ogre hits you with a +0 giant club!!
You die...

▒··········<···
▒·······)······
▒····>··▒ ▒·······▒
▒·······▒ ▒·▒
▒····o··▒ ▒·▒
▒▒▒▒o▒▒▒▒ ▒·▒ ▒O▒
▒·▒ ▒@▒ ▒·▒ ▒·▒ ▒·▒
▒▒·▒▒ ▒·▒
▒···▒▒▒▒▒·▒▒▒▒▒▒
▒··∩···········▒
▒····▒▒▒▒▒▒▒▒▒·▒▒▒▒
▒▒▒▒)▒ ▒······· ▒·▒
▒·▒·▒▒▒▒ { ▒·▒
▒·▒·▒ ▒


You could see an ogre, an orc priest and an orc.

Vanquished Creatures
  Sigmund (D:4)
  A big kobold (Sewer)
  A scorpion (D:3)
  An orc priest (D:4)
  An orc wizard (D:4)
  An iguana (D:3)
  A worker ant (D:4)
  Robin (D:2)
  5 adders
  An ooze (D:3)
  6 worms
  A dart slug (D:1)
  6 leopard geckos
  An orc (D:4)
  4 ball pythons
  7 giant cockroaches
  14 goblins
  6 hobgoblins
  6 jackals
  17 kobolds
  A quokka (D:4)
  5 bats
  3 frilled lizards
  A leopard gecko skeleton (D:4)
  11 rats
103 creatures vanquished.

Notes
Turn   | Place    | Note
-------+----------+-------------------------------------------
     0 | D:1      | Azzok the Formicid Fighter began the quest for the Orb.
     0 | D:1      | Reached XP level 1. HP: 18/18 MP: 1/1
   315 | D:1      | Reached XP level 2. HP: 23/24 MP: 2/2
   319 | D:1      | Reached skill level 4 in Shields
   410 | D:1      | Reached XP level 3. HP: 26/29 MP: 3/3
  1265 | D:2      | Found a shadowy altar of Dithmenos.
  1271 | D:2      | Found a stormy altar of Qazlal.
  1285 | D:2      | Found a bloodstained altar of Trog.
  1304 | D:2      | Reached XP level 4. HP: 35/35 MP: 4/4
  1320 | D:2      | Noticed Robin
  1334 | D:2      | Killed Robin
  1656 | D:3      | Reached skill level 5 in Shields
  1656 | D:3      | Reached XP level 5. HP: 40/41 MP: 5/5
  1969 | D:3      | Found a glowing drain.
  2002 | Sewer    | Entered a sewer
  2019 | Sewer    | Reached XP level 6. HP: 43/47 MP: 6/6
  2220 | Sewer    | Reached skill level 6 in Shields
  2841 | D:4      | Noticed Sigmund
  2864 | D:4      | Killed Sigmund
  2864 | D:4      | Reached skill level 5 in Axes
  2864 | D:4      | Reached skill level 7 in Shields
  2864 | D:4      | Reached XP level 7. HP: 26/52 MP: 7/7
  3037 | D:4      | Found a glowing silver altar of Zin.
  3039 | D:4      | Noticed an angel
  3051 | D:4      | Found a shimmering altar of Xom.
  3061 | D:4      | Found a staircase to the Ecumenical Temple.
  3068 | Temple   | Entered the Ecumenical Temple
  3128 | Temple   | Became a worshipper of Warmaster Okawaru
  3249 | D:4      | Found Eptitweenn's Antique Armour Shoppe.
  3304 | D:4      | Slain by an ogre

Levels and vault maps discovered:
D:1:      dpeg_arrival_stone_temple_mockup, layout_loops_ring
D:2:      layout_loops_cross, grunt_qazlal_sundering, lemuel_crystal_altar,
          grunt_dithmenos_smoke_and_mirrors, ebering_dispersal_statue_hall,
          uniq_robin
D:3:      layout_loops_ring, portal_sewer_entry_f, first_ration
D:4:      layout_loops_ring, grunt_temple_overflow_order_and_chaos_1,
          temple_statues, serial_shops, shop, uniq_sigmund
Temple:   dpeg_chambers_temple

Skill      XL: |  1  2  3  4  5  6 |
---------------+-------------------+-----
Shields        | 4 5 7 |  7.4
Axes           | 3 4 5 |  5.6
Fighting       | |  3.2
Armour         | |  3.2

Action                   |  1- 3 |  4- 6 |  7- 9 || total
-------------------------+-------+-------+-------++-------
Melee: Dagger            |    83 |   251 |    33 ||   367
  Use: Potion            |       |       |     1 ||     1
  Eat: Chunk             |     1 |     6 |     1 ||     8
Armor: Scale mail        |    16 |       |       ||    16
       Chain mail        |    10 |    84 |     8 ||   102
Dodge: Dodged            |    22 |    58 |     8 ||    88
Block: Shield            |    33 |   106 |    13 ||   152

Table legend:
 A = Non-vault XP
 B = Vault XP
 C = Vault XP percentage of total XP
 D = Non-vault monster count
 E = Vault monster count
 F = Vault count percentage of total count
                 A         B        C        D         E       F
            +---------+---------+-------+---------+---------+-------
      Total |     372 |     431 |  53.7 |      69 |      34 |  33.0
            +---------+---------+-------+---------+---------+-------
        D:1 |      47 |       0 |   0.0 |      24 |       0 |   0.0
        D:2 |      25 |      28 |  52.8 |       8 |       8 |  50.0
        D:3 |     170 |      13 |   7.1 |      29 |       5 |  14.7
        D:4 |     130 |     227 |  63.6 |       8 |       1 |  11.1
      Sewer |       0 |     163 | 100.0 |       0 |      20 | 100.0
            +---------+---------+-------+---------+---------+-------
